 Dungeon Crawl Stone Soup version 0.30-a0-1116-gebefce21f7 (webtiles) character file.

Game seed: 13582466154675703064

32 sanka the Insei (level 3, -2/31 HPs)
             Began as a Draconian Monk on Apr 21, 2023.
             Slain by Sigmund
             ... wielding a +0 scythe
              (8 damage)
             ... on level 2 of the Dungeon.
             The game lasted 00:03:45 (814 turns).

sanka the Insei (Draconian Monk)                     Turns: 814, Time: 00:03:46

Health: -2/31      AC:  5    Str: 13    XL:     3   Next: 10%
Magic:  3/3        EV: 12    Int: 10    God:
Gold:   63         SH:  0    Dex: 15    Spells: 2/2 levels left

rFire   . . .      SeeInvis .      - Unarmed
rCold   . . .      Faith    .    b - orb {light}
rNeg    . . .      Spirit   .    (body armour unavailable)
rPois   .          Reflect  .    (helmet restricted)
rElec   .          Rampage  .    (no cloak)
rCorr   .                        (no gloves)
Will    .....                    (no boots)
Stlth   +                        (no amulet)
HPRegen 0.25/turn                (no ring)
MPRegen 0.08/turn                (no ring)

@: glowing
A: AC +5, unfitting armour, cold-blooded
a: no special abilities


You were on level 2 of the Dungeon.
You visited 1 branch of the dungeon, and saw 2 of its levels.

You collected 63 gold pieces.


Innate Abilities, Weirdness & Mutations

Your plain brown scales are hard. (AC +5)
You cannot fit into any form of body armour.
You are cold-blooded and may be slowed by cold attacks.


   Skills:
 - Level 3.2 Fighting
 - Level 2.6 Dodging
 + Level 4.3 Unarmed Combat


You had 2 spell levels left.
You didn't know any spells.
Your spell library contained the following spells:

 Spells                   Type           Power      Damage    Failure   Level
 Gell's Gravitas          Tloc           0%         N/A       75%         3
 Teleport Other           Tloc           0%         N/A       75%         3
 Manifold Assault         Tloc           0%         N/A       98%         4
 Dispersal                Tloc           0%         N/A       100%        6
 Disjunction              Tloc           0%         N/A       100%        8

Inventory:

Armour
 b - an orb of light (worn)
Magical Staves
 d - a staff of poison
Scrolls
 c - a scroll of identify {unknown}
 e - a scroll of magic mapping {unknown}
 g - a scroll of silence {unknown}
Potions
 a - a potion of ambrosia
 f - a potion of curing {unknown}
 h - a potion of mutation {unknown}

Dungeon Overview and Level Annotations

Branches:
Dungeon (2/15)

Altars:

Annotations:
D:2 Sigmund

▒.)...... ▒.▒ ▒▒.....▒▒
▒.▒ ▒....▒▒ ▒.▒ ▒.▒.▒▒
▒.▒ ▒.▒.▒ ▒.▒ ▒.▒.▒
▒▒▒▒▒▒▒ ▒.▒ ▒.▒.▒▒▒▒
.......▒▒▒▒.▒▒▒▒▒.......
▒.d............▒▒▒▒
......@K>..▒▒▒▒.▒▒▒▒▒
▒▒.▒.▒..▒▒.▒ ▒.▒
......▒▒.▒ ▒.▒
▒▒▒.▒▒.▒▒.▒ ▒.▒ ▒.
▒.▒▒.▒ ▒.▒ ▒ ..▒▒.▒ ▒.▒
▒▒▒▒.▒ ▒.▒


You could see Sigmund and a kobold.


Message History

Unknown command.
You barely miss Sigmund.
Sigmund is lightly wounded.
The kobold hits you with a +0 club.
Unknown command.
You hit Sigmund.
Sigmund is moderately wounded.
Sigmund gestures at you while chanting. The puff of flame hits you!
* * * LOW HITPOINT WARNING * * *
The kobold barely misses you.
Unknown command.
You hit Sigmund but do no damage.
Sigmund is moderately wounded.
Sigmund hits you but does no damage. The kobold closely misses you.
Unknown command.
You hit Sigmund.
Sigmund is heavily wounded.
Unknown command.
You hit Sigmund but do no damage.
Sigmund is heavily wounded.
Sigmund closely misses you. The kobold closely misses you.
You hit Sigmund.
Sigmund is heavily wounded.
The kobold hits you with a +0 club.
* * * LOW HITPOINT WARNING * * *
Sigmund hits you with a +0 scythe!
You die...

Action                     || total
---------------------------++-------
  Melee: Unarmed           ||    71
         Tailslap          ||    10
 Armour: Skin              ||    21
  Dodge: Dodged            ||    42

Levels and vault maps discovered:
D:1:      tarquinn_simple_flora_water_d, layout_basic, serial_aquarium,
          aquarium_bridge_square [aquarium_subvault_bridge,
          aquarium_subvault_window, aquarium_subvault_window,
          aquarium_subvault_bridge], aquarium_window_corner,
          aquarium_window_corridor_2, aquarium_view_2c, minivault_26
D:2:      layout_loops_ring, uniq_sigmund

Notes
Turn   | Place    | Note
-------+----------+-------------------------------------------
     0 | D:1      | sanka the Draconian Monk began the quest for the Orb.
     0 | D:1      | Reached XP level 1. HP: 19/19 MP: 1/1
   128 | D:1      | Reached XP level 2. HP: 26/26 MP: 2/2
   193 | D:1      | Reached skill level 4 in Unarmed Combat
   655 | D:2      | Reached XP level 3. HP: 14/31 MP: 3/3
   802 | D:2      | Noticed Sigmund
   814 | D:2      | Slain by Sigmund

Vanquished Creatures
  2 dart slugs (D:1)
  2 ball pythons (D:1)
  4 endoplasms
  4 goblins
  A hobgoblin (D:1)
  2 quokkas (D:1)
  4 bats
  3 frilled lizards
  2 kobolds (D:1)
  4 rats
28 creatures vanquished.
